 Dungeon Crawl Stone Soup version 0.26-a0-651-gb41185065b (webtiles) character file.

Game seed: 7820219739946524752

52 Lanoc the Sneak (level 4, 0/37 HPs)
             Began as a Formicid Delver on Oct 6, 2020.
             Slain by an iguana (3 damage)
             ... on level 4 of the Dungeon.
             The game lasted 00:00:58 (709 turns).

Lanoc the Sneak (Formicid Delver)                    Turns: 709, Time: 00:00:59

Health: 0/37       AC:  3    Str: 16    XL:     4   Next: 8%
Magic:  4/4        EV: 12    Int: 10    God:
Gold:   25         SH:  0    Dex: 13    Spells: 3/3 levels left

rFire    . . .     SeeInvis +   a - +0 falchion
rCold    . . .     Faith    .   (no shield)
rNeg     . . .     Spirit   .   b - +0 leather armour
rPois    .         Reflect  .   (helmet unavailable)
rElec    .         Harm     .   (no cloak)
rCorr    .         Rampage  .   (no gloves)
MR       .....                  (no boots)
Stlth    +++.......             (no amulet)
HPRegen  0.12/turn              (no ring)
MPRegen  0.09/turn              (no ring)

@: no status effects
A: permanent stasis, dig shafts and tunnels, four strong arms, antennae 3
a: Dig, Shaft Self


You were on level 4 of the Dungeon.
You visited 1 branch of the dungeon, and saw 2 of its levels.

You collected 25 gold pieces.

Inventory:

Hand Weapons
 a - a +0 falchion (weapon)
Armour
 b - a +0 leather armour (worn)
Wands
 f - a wand of digging (3)
Scrolls
 c - a scroll of fog
 d - a scroll of magic mapping
 e - a scroll of fear


   Skills:
 + Level 4.3 Fighting
 - Level 2.0 Long Blades
 + Level 2.8 Dodging
 - Level 6.0 Stealth


You had 3 spell levels left.
You didn't know any spells.
Your spell library was empty.

Dungeon Overview and Level Annotations

Branches:
Dungeon (5/15)
 Temple: D:4-7

Altars:

Shops:
D:4 *


Innate Abilities, Weirdness & Mutations

You cannot be hasted, slowed, berserked, paralysed or teleported.
You can dig through walls and to a lower floor.
Your four strong arms can wield two-handed weapons with a shield.
You have a pair of large antennae on your head. (SInv)


Message History

An iguana comes into view.
The iguana hisses angrily.
The iguana completely misses you.
You closely miss the iguana. The iguana barely misses you.
You hit the iguana.
The iguana is lightly wounded.
The iguana bites you!
You barely miss the iguana.
The iguana is lightly wounded.
The iguana barely misses you.
You hit the iguana.
The iguana is moderately wounded.
The iguana bites you!
You are too injured to fight recklessly!
You hit the iguana.
The iguana is heavily wounded.
The iguana bites you!
* * * LOW HITPOINT WARNING * * *
The iguana bites you.
You die...

####'##########....##............
##.###....###.88.###'##....##'#
#...#.####..#.88.#....#....#...
#...#.# #..'....#....#....+... {
##..#.# ##############....##.#
####.####....#######.......#.#
##....####.##...#.......#..
###### #.#'...'.......+.. #([#
#@###.##.......##' #))# #l#
###....#####.. ###. .##
#....#...#.. Z .. #....#...+.. ##
### #....###'#.. ##.........#
#.......∩.# +.........#
#.........#


You could see an iguana.

Vanquished Creatures
  A worker ant (D:4)
  A hound skeleton (D:4)
  An adder (D:4)
  An adder skeleton (D:4)
  A ball python (D:4)
5 creatures vanquished.

Notes
Turn   | Place    | Note
-------+----------+-------------------------------------------
     0 | D:5      | Lanoc the Formicid Delver began the quest for the Orb.
     0 | D:5      | Reached XP level 1. HP: 18/18 MP: 1/1
    10 | D:5      | Noticed a jelly
   150 | D:4      | Reached XP level 2. HP: 13/25 MP: 2/2
   303 | D:4      | Found Qylarch's General Store.
   362 | D:4      | Reached XP level 3. HP: 9/30 MP: 3/3
   659 | D:4      | Noticed a wight
   682 | D:4      | Reached XP level 4. HP: 35/37 MP: 4/4
   709 | D:4      | Slain by an iguana

Illustrated notes

Levels and vault maps discovered:
D:4:      minmay_chambers_of_fours, layout_gridville, lemuel_temple_firewalk_a,
          serial_shops, shop_coins, shop, shop, nicolae_shop_statue_plus
D:5:      layout_cave_pools

Skill      XL: |  1  2 |
---------------+-------+-----
Dodging        | 2 |  2.8
Fighting       | 4 |  4.3
Long Blades    | |  2.0
Stealth        | |  6.0

Action                   |  1- 3 |  4- 6 || total
-------------------------+-------+-------++-------
Melee: Falchion          |    25 |     5 ||    30
 Stab: Sleeping          |     1 |       ||     1
Armor: Leather armour    |     6 |       ||     6
Dodge: Dodged            |    18 |     3 ||    21
       Rpst.: Falchion   |     6 |       ||     6

Table legend: (Time is in decaauts)
 A = Elapsed time spent in this place.
 B = Non-inter-level travel time spent in this place.
 C = Inter-level travel time spent in this place.
 D = Time resting spent in this place.
 E = Time spent auto-exploring this place.
 F = Levels seen in this place.
 G = Mean time per level.
                   A        B        C        D        E       F      G
               +--------+--------+--------+--------+--------+-----+--------+
         Total |    713 |    713 |      0 |      0 |    598 |   2 |  356.5 |
       Dungeon |    713 |    713 |      0 |      0 |    598 |   2 |  356.5 |
               +--------+--------+--------+--------+--------+-----+--------+

Top non-repeatable levels by time:
     D:4: 697 daAuts
     D:5: 16 daAuts
